[Event "XII Cracow ICC-A 2024"]
[Site "Krakow"]
[Date "2024.06.28"]
[Round "8.12"]
[White "Rudolf, Michal"]
[Black "Chatalbashev, Boris"]
[Result "0-1"]
[ECO "B31"]
[WhiteElo "2287"]
[BlackElo "2483"]
[Annotator "TA"]
[PlyCount "76"]
[EventDate "2024.06.20"]
[EventType "swiss"]
[EventCountry "POL"]
[SourceTitle "playchess.com"]
[Source "ChessBase"]
[SourceQuality "1"]
[TimeControl "40/5400+30:1800+30"]

1. e4 c5 2. Nf3 Nc6 3. Bb5 g6 4. Bxc6 bxc6 5. O-O Bg7 6. Re1 Nh6 7. h3 O-O 8. c3 f5 9. e5 {[%emt 0:02:52] The position is equal.} Nf7 10. d4 cxd4 11. cxd4 Bb7 12. Nc3 c5 $1 {[%emt 0:03:33] ...Bxf3 would now be deadly.} 13. d5 e6 14. Bf4 h6 15. h4 exd5 16. Nxd5 g5 17. hxg5 hxg5 18. Be3 g4 (18... Bxe5 $2 {too greedy.} 19. Nxe5 (19. Bxc5 d6 $18) 19... Nxe5 20. Qb3 $18 (20. Bxc5 d6 $18)) 19. Nh2 Bxe5 20. Bxc5 d6 {[%emt 0:04:11][%cal Og4g3] And now ...g3! would win.} (20... Re8 {keeps more tension.} 21. Nxg4 fxg4 22. Qxg4+ Qg5) 21. Ba3 (21. Be3 $1 $11 {remains equal.}) 21... Re8 $17 22. f4 {[%emt 0:17:14] [#]} Bg7 {[%emt 0:05:22] A strong pair of Bishops.} ({Black should play} 22... gxf3 $1 $17 {( -> ...Bxh2+)} 23. Nxf3 Kg7) 23. Rxe8+ $2 {[%emt 0:10:36] Now White is beyond hope.} ({Better is} 23. Qd3 $15) 23... Qxe8 $19 24. Qd3 Bxd5 25. Qxd5 Qe3+ 26. Kh1 Rc8 {[%emt 0:00:24] aiming for ...Rc1+.} 27. Rf1 Rc1 {[%emt 0:03:46] Strongly threatening ...Bd4.} 28. Qxf5 {[%emt 0:02:06] [#]} Bd4 $1 $40 {[%emt 0:03:31][%mdl 128] Black has strong attack.} ({Stronger than} 28... g3 29. b3 Re1 30. Bb4 $11) 29. Qg6+ (29. Nxg4 $2 Rxf1+ 30. Kh2 Rh1+ 31. Kxh1 Qg1#) 29... Kh8 30. Qh5+ (30. Qxf7 $2 Rxf1+ 31. Nxf1 Qg1#) 30... Kg7 31. Qxg4+ (31. Nxg4 $2 {is a self mate.} Rxf1+ 32. Kh2 Rh1+ 33. Kxh1 Qg1#) 31... Kf8 32. Rxc1 Qxc1+ 33. Nf1 Qxf1+ 34. Kh2 Bg1+ 35. Kh3 Bf2 36. Qc8+ (36. Qf3 $19 Kg7 (36... Qh1+ $2 37. Kg4 $19) 37. Qe4) 36... Kg7 {[%emt 0:00:16] Black mates.} 37. Qc3+ Kh7 38. Qc2+ Kh6 {[%emt 0:00:08] Weighted Error Value: White=0.33/Black=0.03 (flawless) .  Loses game:     	White=1     	---        Mistake:       	White=2     	Black=1      OK:         	White=10    	Black=13     Best:        	White=6     	Black=9      Strong:       	---       	Black=2} 0-1

[Event "XII Cracow ICC-A 2024"]
[Site "Krakow"]
[Date "2024.06.28"]
[Round "8.13"]
[White "Czernek, Tymon"]
[Black "Fus, Jakub"]
[Result "1/2-1/2"]
[ECO "C78"]
[WhiteElo "2316"]
[BlackElo "2455"]
[Annotator "TA"]
[PlyCount "77"]
[EventDate "2024.06.20"]
[EventType "swiss"]
[EventCountry "POL"]
[SourceTitle "playchess.com"]
[Source "ChessBase"]
[SourceQuality "1"]
[TimeControl "40/5400+30:1800+30"]

1. e4 e5 2. Nf3 Nc6 3. Bb5 a6 4. Ba4 Nf6 5. O-O Bc5 6. d3 b5 7. Bb3 h6 8. Nxe5 Nxe5 9. d4 Bxd4 10. Qxd4 d6 {[%emt 0:00:07] [#] Hoping for ...c5.} 11. c3 O-O 12. f3 Re8 13. Rd1 Bb7 14. a4 Rb8 15. axb5 axb5 16. Na3 Qd7 17. Bf4 Qc6 18. Nc2 {[%emt 0:04:02] White is more active.} (18. c4 {looks sharper.} bxc4 19. Nxc4 Nxc4 20. Bxc4 Nxe4 21. Rac1) 18... Bc8 19. Qf2 Nc4 20. Nd4 Qb6 21. Kh1 Bd7 22. Rab1 d5 23. Bxc4 (23. exd5 $11 {might be stronger.} Nxd5 24. Bg3) 23... bxc4 $15 24. Qg3 Nh5 ({But not} 24... dxe4 $6 25. Bxc7 Nh5 26. Bxb6 $11) 25. Qh4 Nxf4 26. Qxf4 dxe4 27. fxe4 Qd6 28. Qe3 (28. Qxd6 $11 {was preferrable.} cxd6 29. Re1) 28... Bg4 29. Rd2 Qg6 30. Re1 Rbd8 (30... Re7 $5) 31. h3 {[%emt 0:01:22] The position is equal.} Bc8 32. Rf2 Re5 33. Nf3 Re7 34. Nd2 Bb7 35. Qc5 Qg5 36. Qxg5 hxg5 37. Rfe2 Rde8 38. Kh2 f5 39. Re3 {[%emt 0:04:50] Weighted Error Value: White=0.14 (very precise) /Black=0.10 (very precise) .  Mistake:       	White=2     	---        Inaccurate:     	White=5     	Black=4      OK:         	White=13    	Black=10     Best:        	White=1     	---} 1/2-1/2

[Event "XII Cracow ICC-A 2024"]
[Site "Krakow"]
[Date "2024.06.28"]
[Round "8.14"]
[White "Lohia, Sohum"]
[Black "Alexiadis, Hristos"]
[Result "1/2-1/2"]
[ECO "B51"]
[WhiteElo "2270"]
[BlackElo "2378"]
[Annotator "RC"]
[PlyCount "69"]
[EventDate "2024.06.20"]
[EventType "swiss"]
[EventCountry "POL"]
[SourceTitle "playchess.com"]
[Source "ChessBase"]
[SourceQuality "1"]
[TimeControl "40/5400+30:1800+30"]

1. e4 c5 2. Nf3 d6 3. Bb5+ Nd7 4. d4 cxd4 5. Nxd4 Ngf6 6. O-O a6 7. Bd3 Nc5 8. Re1 g6 9. c4 Bg7 10. Nc3 Nxd3 11. Qxd3 O-O 12. h3 Nd7 13. Be3 Ne5 14. Qe2 Bd7 15. Rac1 Rc8 16. b3 Nc6 17. Qd2 Re8 18. Nd5 Nxd4 19. Bxd4 Bxd4 20. Qxd4 Be6 21. Nf4 Bxc4 22. Rxc4 e5 23. Rxc8 Qxc8 24. Qxd6 exf4 25. Qxf4 Qc2 26. Qg4 f5 27. Qd1 Qxd1 28. Rxd1 Rxe4 29. Rd7 Rb4 30. g3 a5 31. Kg2 a4 32. bxa4 Rxa4 33. Rxb7 Rxa2 34. Kf3 Ra4 35. h4 1/2-1/2

[Event "XII Cracow ICC-A 2024"]
[Site "Krakow"]
[Date "2024.06.28"]
[Round "8.15"]
[White "Hollan, Martin"]
[Black "Karolczuk, Iwo"]
[Result "0-1"]
[ECO "B42"]
[WhiteElo "2373"]
[BlackElo "2293"]
[Annotator "RC"]
[PlyCount "136"]
[EventDate "2024.06.20"]
[EventType "swiss"]
[EventCountry "POL"]
[SourceTitle "playchess.com"]
[Source "ChessBase"]
[SourceQuality "1"]
[TimeControl "40/5400+30:1800+30"]

1. e4 c5 2. Nf3 e6 3. d4 cxd4 4. Nxd4 a6 5. Bd3 Bc5 6. Nb3 Ba7 7. Qg4 Nf6 8. Qg3 d6 9. Bg5 Nc6 10. Nc3 b5 11. O-O-O b4 12. Bxf6 gxf6 13. Ne2 Bb7 14. f4 Qe7 15. Bc4 O-O-O 16. Qd3 a5 17. Ba6 Bxa6 18. Qxa6+ Qb7 19. Qxb7+ Kxb7 20. Rd3 a4 21. Nd2 Bc5 22. Rd1 Rhg8 23. g3 Rd7 24. Kb1 Rgd8 25. Nf3 Kb6 26. c3 bxc3 27. Nxc3 Ra8 28. a3 Ne7 29. Ka2 Raa7 30. e5 d5 31. exf6 Ng8 32. f5 Nxf6 33. fxe6 fxe6 34. Re1 Re7 35. Rd2 Ra6 36. Rde2 Kc7 37. g4 Kd8 38. g5 Nd7 39. Nd2 Nf8 40. h4 Ng6 41. Rh2 Bd6 42. Rhh1 Bg3 43. Reg1 Bxh4 44. Rg4 Bf2 45. Rxa4 Rxa4 46. Nxa4 Be3 47. Nf1 Bxg5 48. b4 Bf4 49. Kb3 e5 50. Nc3 Rd7 51. Rh5 h6 52. Rf5 Ke7 53. a4 Ke6 54. Rh5 e4 55. a5 e3 56. b5 d4 57. Ne2 Bg5 58. Rh2 d3 59. Nc3 Ne5 60. a6 Nf3 61. b6 Nxh2 62. a7 e2 63. Nxh2 e1=Q 64. a8=Q Kf7 65. b7 Qe6+ 66. Ka3 Be7+ 67. Kb2 Qb6+ 68. Kc1 Bg5+ 0-1

[Event "XII Cracow ICC-A 2024"]
[Site "Krakow"]
[Date "2024.06.28"]
[Round "8.16"]
[White "Cieslak, Patryk"]
[Black "Backiel, Hubert"]
[Result "1-0"]
[ECO "B81"]
[WhiteElo "2358"]
[BlackElo "2200"]
[Annotator "RC"]
[PlyCount "105"]
[EventDate "2024.06.20"]
[EventType "swiss"]
[EventCountry "POL"]
[SourceTitle "playchess.com"]
[Source "ChessBase"]
[SourceQuality "1"]
[TimeControl "40/5400+30:1800+30"]

1. e4 c5 2. Nf3 e6 3. d4 cxd4 4. Nxd4 Nf6 5. Nc3 d6 6. g4 e5 7. Nf5 h5 8. Bg5 hxg4 9. Nd5 Bxf5 10. Bxf6 gxf6 11. exf5 Bh6 12. h4 gxh3 13. Rxh3 Nc6 14. c3 Kf8 15. Bg2 Kg7 16. Qg4+ Bg5 17. Rxh8 Qxh8 18. Ke2 Qh4 19. Qxh4 Bxh4 20. Rd1 Rd8 21. b4 Rd7 22. Be4 Ne7 23. Nxe7 Rxe7 24. Rxd6 Rc7 25. Rd3 Kh6 26. f3 Kg5 27. Kd2 Kf4 28. Rd8 Bg5 29. Kd3 Kg3 30. Rb8 Rd7+ 31. Kc4 Rc7+ 32. Kb3 b6 33. c4 Be3 34. Rg8+ Kf2 35. Bd5 Bd2 36. Ka4 Ke3 37. Kb5 Kd4 38. Rd8 Kc3 39. Be4 a6+ 40. Kxb6 Rxc4 41. Rd3+ Kc2 42. Rd4+ Kc3 43. Rd3+ Kc2 44. Rb3+ Kd1 45. Kxa6 Rxb4 46. Rxb4 Bxb4 47. a4 Ke2 48. Kb5 Bc3 49. a5 Ke3 50. a6 Bd4 51. Kc6 Kf4 52. Kb7 Ba7 53. Kxa7 1-0

[Event "XII Cracow ICC-A 2024"]
[Site "Krakow"]
[Date "2024.06.28"]
[Round "8.17"]
[White "Marszalek, Maciej"]
[Black "Turski, Bartlomiej"]
[Result "1/2-1/2"]
[ECO "A20"]
[WhiteElo "2255"]
[BlackElo "2334"]
[Annotator "RC"]
[PlyCount "53"]
[EventDate "2024.06.20"]
[EventType "swiss"]
[EventCountry "POL"]
[SourceTitle "playchess.com"]
[Source "ChessBase"]
[SourceQuality "1"]
[TimeControl "40/5400+30:1800+30"]

1. c4 e5 2. e3 Nf6 3. Nc3 Bb4 4. Nge2 O-O 5. a3 Be7 6. Qc2 c6 7. d4 exd4 8. Nxd4 d5 9. Nf5 Re8 10. Nxe7+ Rxe7 11. Be2 Be6 12. cxd5 cxd5 13. O-O d4 14. Nb5 Nc6 15. Nxd4 Nxd4 16. exd4 Qxd4 17. Be3 Qe5 18. Qc5 Nd5 19. Bf3 b6 20. Qd4 Qxd4 21. Bxd4 Rd8 22. h3 Red7 23. Be5 f6 24. Bg3 Kf7 25. Rfe1 Ne7 26. Bf4 Nf5 27. Be3 1/2-1/2

[Event "XII Cracow ICC-A 2024"]
[Site "Krakow"]
[Date "2024.06.28"]
[Round "8.18"]
[White "Zwardon, Vojtech"]
[Black "Jaskolka, Tomasz"]
[Result "1-0"]
[ECO "A29"]
[WhiteElo "2458"]
[BlackElo "2249"]
[Annotator "TA"]
[PlyCount "119"]
[EventDate "2024.06.20"]
[EventType "swiss"]
[EventCountry "POL"]
[SourceTitle "playchess.com"]
[Source "ChessBase"]
[SourceQuality "1"]
[TimeControl "40/5400+30:1800+30"]

1. c4 e5 2. g3 Nf6 3. Bg2 d5 4. cxd5 Nxd5 5. Nf3 Nc6 6. O-O Nb6 7. b3 {[%emt 0:00:01] A20: English Opening: 1...e5.} Be6 8. Bb2 f6 9. d4 e4 10. Ne1 f5 11. f3 exf3 $1 12. Nxf3 Be7 13. Nc3 Nd5 14. Qd2 O-O 15. Rad1 Nxc3 16. Bxc3 Bd5 17. e3 a5 $146 ({Predecessor:} 17... Qd6 18. Ne5 Rad8 19. Nd3 Bg5 {½-½ Venturelli,F (2153)-Benes,J (2217) EU-ch 2017 pr15 email}) 18. Ne5 Bg5 19. Rfe1 Ne7 20. Nf3 (20. Bxa5 $2 Bxg2 21. Bxc7 Qxc7 $19) 20... Bxf3 21. Bxf3 Nd5 22. Qd3 c6 23. Bd2 Qd6 24. Rc1 a4 {[%emt 0:13:30] [#]} (24... g6 $11) 25. b4 (25. Rc5 $1 $16) 25... Nxb4 (25... Nc7 $11) 26. Qc4+ (26. Qb1 $16 Nd5 27. Qxb7) 26... Nd5 $14 27. Bb4 $1 Qh6 $1 28. Bxd5+ (28. Bxf8 {looks sharper.} Bxe3+ 29. Kg2 Bxc1 30. Bc5) 28... cxd5 29. Qxd5+ Kh8 $1 30. Bxf8 Bxe3+ 31. Kh1 Bxc1 32. Qxf5 (32. Qxb7 $2 Rxf8 33. Qb4 Qc6+ 34. Kg1 Rc8 $19) (32. Bxg7+ {simplifies} Qxg7 33. Rxc1 Re8 34. Qb5) 32... Bg5 ({Black should try} 32... Bb2 $11) 33. d5 (33. Bb4 $14) 33... Qf6 $11 34. Qxf6 Bxf6 35. Bb4 Kg8 36. Kg2 Rc8 37. Kf3 Kf7 38. a3 Rc4 39. Re4 b5 40. Re6 Rd4 41. Rd6 Be5 {[%emt 0:12:26] [#]} (41... Rd1 $11) 42. Rd7+ ({Better is} 42. Rb6 $1 $16) 42... Kf6 $11 43. Ke3 Kf5 (43... h5 $11 {keeps the balance.}) 44. Rf7+ $16 Kg6 45. Rb7 ({Much worse is} 45. Rd7 $6 Bf6 $11) 45... Kf5 (45... Rxd5 $2 {is the wrong capture.} 46. Ke4 Bxg3 47. Kxd5 $18) 46. Rxb5 Re4+ $2 {[%emt 0:00:25] [#]} (46... Bf6 $16 47. Ra5 h5 48. d6+ (48. Rxa4 Rxd5 49. Ra5 Ke6 $16) 48... Kg4 49. Rxa4 h4) 47. Kf3 $1 $18 g5 48. g4+ Rxg4 49. d6 Rf4+ 50. Kg2 Rg4+ 51. Kh1 Rd4 $2 (51... Rc4 52. d7 Rc1+ 53. Kg2 Rd1) 52. Rxe5+ $18 Kxe5 53. Bc3 Kxd6 54. Bxd4 Ke6 55. Kg2 Kf5 56. Kf3 h5 57. Bb6 Ke5 58. Bd8 Kf5 59. Be7 h4 60. h3 1-0

[Event "XII Cracow ICC-A 2024"]
[Site "Krakow"]
[Date "2024.06.28"]
[Round "8.19"]
[White "Stanojevic, Ilija"]
[Black "Apoorv Kamble"]
[Result "1/2-1/2"]
[ECO "D10"]
[WhiteElo "2260"]
[BlackElo "2369"]
[Annotator "RC"]
[PlyCount "126"]
[EventDate "2024.06.20"]
[EventType "swiss"]
[EventCountry "POL"]
[SourceTitle "playchess.com"]
[Source "ChessBase"]
[SourceQuality "1"]
[TimeControl "40/5400+30:1800+30"]

1. d4 d5 2. c4 c6 3. Nc3 Nf6 4. e3 a6 5. Nf3 b5 6. b3 Bg4 7. a4 b4 8. Nb1 Nbd7 9. Bb2 e6 10. Nbd2 Bd6 11. h3 Bf5 12. Rc1 Ne4 13. Nxe4 Bxe4 14. Nd2 Bg6 15. Be2 O-O 16. O-O Qe7 17. Re1 Rfd8 18. Bf3 Nf6 19. e4 Bf4 20. exd5 cxd5 21. cxd5 Nxd5 22. Rc5 Qb7 23. Nc4 Bc7 24. Qe2 Rac8 25. a5 Qb8 26. Bxd5 Rxd5 27. Rxd5 exd5 28. Nb6 Bxb6 29. axb6 h6 30. Qxa6 Rc6 31. Qb5 Qxb6 32. Qxd5 Qc7 33. Qe5 Qxe5 34. dxe5 Bf5 35. Bd4 Be6 36. Rb1 Ra6 37. Bc5 Ra3 38. Bxb4 Rxb3 39. Rxb3 Bxb3 40. g4 Bd1 41. Kg2 h5 42. Kg3 hxg4 43. hxg4 g6 44. f4 Bc2 45. Kh4 Bd1 46. Kg5 Be2 47. Bc3 Kf8 48. f5 gxf5 49. Kxf5 Ke8 50. g5 Bc4 51. Kf6 Bb3 52. Bb4 Kd7 53. e6+ Ke8 54. e7 Bc2 55. Kg7 Bg6 56. Kh8 Bh5 57. Kg8 Bg6 58. Kh8 Bb1 59. Kg8 Bc2 60. Kg7 Bg6 61. Ba3 Bb1 62. Bb4 Bd3 63. Ba3 Bc2 1/2-1/2

[Event "XII Cracow ICC-A 2024"]
[Site "Krakow"]
[Date "2024.06.28"]
[Round "8.20"]
[White "Vincenti, Leonardo"]
[Black "Nandhidhaa, P V"]
[Result "0-1"]
[ECO "B00"]
[WhiteElo "2166"]
[BlackElo "2344"]
[Annotator "RC"]
[PlyCount "120"]
[EventDate "2024.06.20"]
[EventType "swiss"]
[EventCountry "POL"]
[SourceTitle "playchess.com"]
[Source "ChessBase"]
[SourceQuality "1"]
[TimeControl "40/5400+30:1800+30"]

1. e4 d6 2. d4 Nf6 3. Bd3 e5 4. c3 Nc6 5. Nf3 Bg4 6. Be3 d5 7. Nbd2 exd4 8. Bxd4 Nxd4 9. cxd4 dxe4 10. Nxe4 Nxe4 11. Bxe4 Bb4+ 12. Kf1 O-O 13. Qd3 g6 14. Ne5 Bc8 15. h4 c5 16. a3 Ba5 17. b4 cxb4 18. h5 g5 19. Bxh7+ Kh8 20. Be4 Qf6 21. axb4 Bb6 22. Re1 Be6 23. Bxb7 Rad8 24. Qf3 Qxf3 25. Bxf3 Bb3 26. Rb1 Ba4 27. d5 Bb5+ 28. Kg1 Rde8 29. Re1 Bc7 30. Ng6+ fxg6 31. hxg6+ Kg8 32. Rc1 Bf4 33. Rd1 Bd6 34. Rh7 Re7 35. Rxe7 Bxe7 36. d6 Bf6 37. Bd5+ Kg7 38. Bf7 Rd8 39. g3 a6 40. f4 Be7 41. fxg5 Rxd6 42. Re1 Bxg5 43. Re5 Bf6 44. Rh5 Rd2 45. Rh7+ Kf8 46. Bd5 Bd4+ 47. Kh1 Bg7 48. Bf3 Rf2 49. Be4 Re2 50. Bd5 Re5 51. Bb3 Re3 52. Bf7 Rxg3 53. Rh5 Bf6 54. Rc5 Kg7 55. Rh5 Rg5 56. Rh7+ Kf8 57. Bd5 Rxg6 58. Rf7+ Ke8 59. Ra7 Rg7 60. Bb7 Rxb7 0-1

[Event "XII Cracow ICC-A 2024"]
[Site "Krakow"]
[Date "2024.06.28"]
[Round "8.21"]
[White "Suder, Jakub"]
[Black "Kutowski, Marcel"]
[Result "1/2-1/2"]
[ECO "A50"]
[WhiteElo "2328"]
[BlackElo "2230"]
[Annotator "RC"]
[PlyCount "31"]
[EventDate "2024.06.20"]
[EventType "swiss"]
[EventCountry "POL"]
[SourceTitle "playchess.com"]
[Source "ChessBase"]
[SourceQuality "1"]
[TimeControl "40/5400+30:1800+30"]

1. d4 Nf6 2. c4 e6 3. a3 d5 4. Nc3 Be7 5. Bg5 O-O 6. e3 b6 7. cxd5 exd5 8. Bd3 Bb7 9. Nge2 c5 10. Rc1 Nbd7 11. O-O a6 12. Bb1 Re8 13. Qc2 c4 14. Bh4 Nf8 15. f3 b5 16. Bf2 1/2-1/2

[Event "XII Cracow ICC-A 2024"]
[Site "Krakow"]
[Date "2024.06.28"]
[Round "8.22"]
[White "Pyrig, Roman"]
[Black "Petrovic, Aleksa"]
[Result "1-0"]
[ECO "B07"]
[WhiteElo "2260"]
[BlackElo "2303"]
[Annotator "RC"]
[PlyCount "51"]
[EventDate "2024.06.20"]
[EventType "swiss"]
[EventCountry "POL"]
[SourceTitle "playchess.com"]
[Source "ChessBase"]
[SourceQuality "1"]
[TimeControl "40/5400+30:1800+30"]

1. e4 d6 2. d4 Nf6 3. Nc3 Nbd7 4. g4 h6 5. h3 e5 6. Nge2 b5 7. Nxb5 Nxe4 8. Bg2 Bb7 9. d5 Nef6 10. c4 g6 11. Be3 a6 12. Nbc3 a5 13. Qd2 Bg7 14. Ng3 h5 15. g5 Ng8 16. Nge4 Ne7 17. c5 dxc5 18. d6 Nf5 19. dxc7 Qc8 20. Nb5 Bf8 21. O-O-O Bxe4 22. Bxe4 Nd4 23. Bxd4 cxd4 24. Bxa8 Qxa8 25. Qc2 Bc5 26. c8=Q+ 1-0

[Event "XII Cracow ICC-A 2024"]
[Site "Krakow"]
[Date "2024.06.28"]
[Round "8.23"]
[White "Lach, Aleksandra"]
[Black "Berin, Artem"]
[Result "0-1"]
[ECO "A05"]
[WhiteElo "2300"]
[BlackElo "2234"]
[Annotator "RC"]
[PlyCount "72"]
[EventDate "2024.06.20"]
[EventType "swiss"]
[EventCountry "POL"]
[SourceTitle "playchess.com"]
[Source "ChessBase"]
[SourceQuality "1"]
[TimeControl "40/5400+30:1800+30"]

1. Nf3 d5 2. g3 Nf6 3. Bg2 e6 4. O-O Be7 5. d3 O-O 6. Nbd2 a5 7. e4 a4 8. a3 c5 9. e5 Nfd7 10. Re1 Nc6 11. Nf1 Ra6 12. c3 b5 13. h4 Bb7 14. N1h2 d4 15. Bf4 dxc3 16. bxc3 Nb6 17. Bg5 h6 18. Bxe7 Qxe7 19. Nd2 Rd8 20. Qb1 b4 21. cxb4 cxb4 22. axb4 Nd4 23. Bxb7 Qxb7 24. Ne4 Nd7 25. Nd6 Qd5 26. Nc4 Nb3 27. Ra2 Rb8 28. Ne3 Qb5 29. Nf3 Nxe5 30. Nxe5 Qxe5 31. Qd1 Nd4 32. f4 Qd6 33. Nc4 Qd5 34. Re4 Rxb4 35. Qa1 Rxc4 36. Re5 Nf3+ 0-1

[Event "XII Cracow ICC-A 2024"]
[Site "Krakow"]
[Date "2024.06.28"]
[Round "8.24"]
[White "Mirski, Stanislaw"]
[Black "Aakash Sharadchandra, Dalvi"]
[Result "0-1"]
[ECO "D02"]
[WhiteElo "2164"]
[BlackElo "2291"]
[Annotator "RC"]
[PlyCount "86"]
[EventDate "2024.06.20"]
[EventType "swiss"]
[EventCountry "POL"]
[SourceTitle "playchess.com"]
[Source "ChessBase"]
[SourceQuality "1"]
[TimeControl "40/5400+30:1800+30"]

1. d4 Nf6 2. Nf3 d5 3. g3 c5 4. c4 dxc4 5. Qa4+ Nbd7 6. dxc5 e6 7. c6 bxc6 8. Qxc4 Qb6 9. Bg2 Bc5 10. O-O Ba6 11. Qc2 Ng4 12. Nc3 Bxf2+ 13. Kh1 Be3 14. h3 Bxc1 15. Qxc1 Ngf6 16. Rd1 Qc7 17. Kh2 O-O 18. e4 Rad8 19. Qe3 Qb6 20. Qxb6 Nxb6 21. e5 Nfd5 22. Nxd5 cxd5 23. Re1 Rc8 24. Nd4 Rc7 25. g4 Rfc8 26. g5 Na4 27. b3 Nc5 28. Rad1 Nd3 29. Re3 Nb4 30. a4 Rc3 31. Ree1 Bd3 32. a5 Nc2 33. Ne2 Rxb3 34. Nc1 Nxe1 35. Nxb3 Bc2 36. Rxe1 Bxb3 37. Re3 Bc4 38. Ra3 Rb8 39. Kg3 Kf8 40. Kf4 Ke7 41. h4 f6 42. h5 fxg5+ 43. Kxg5 Rb3 0-1